 Dungeon Crawl Stone Soup version 0.30-a0-528-g8c47a4955b (webtiles) character file.

Game seed: 16059165116189440251

105 Jase the Trooper (level 4, -7/50 HPs)
             Began as an Ogre Berserker on Dec 24, 2022.
             Was a Believer of Trog.
             Splashed by a jelly's acid (10 damage)
             ... on level 3 of the Dungeon.
             The game lasted 00:03:37 (1804 turns).

Jase the Trooper (Ogre Berserker)                   Turns: 1804, Time: 00:03:37

Health: -7/50      AC: -9    Str: 23    XL:     4   Next: 83%
Magic:  4/4        EV: 10    Int:  8    God:    Trog [**....]
Gold:   109        SH:  0    Dex:  8    Spells: 3/3 levels left

rFire   . . .      SeeInvis .    a - +0 mace
rCold   . . .      Faith    .    (no shield)
rNeg    . . .      Spirit   .    n - +0 animal skin
rPois   .          Reflect  .    (helmet restricted)
rElec   .          Harm     .    (no cloak)
rCorr   .          Rampage  .    (gloves unavailable)
Will    .....                    (boots unavailable)
Stlth   +                        (no amulet)
HPRegen 0.28/turn                (no ring)
MPRegen 0.09/turn                (no ring)

@: corroded
A: large, unfitting armour, tough skin 1
a: Renounce Religion, Berserk, Trog's Hand


You were on level 3 of the Dungeon.
You worshipped Trog.
Trog was pleased with you.
You visited 1 branch of the dungeon, and saw 3 of its levels.

You collected 109 gold pieces.

Inventory:

Hand Weapons
 a - a +0 mace (weapon)
 b - a +0 flail
Missiles
 p - 4 stones (quivered)
Armour
 n - a +0 animal skin (worn)
Scrolls
 c - 4 scrolls of fog {unknown}
 d - 6 scrolls of identify {unknown}
 e - a scroll of silence {unknown}
 f - a scroll of enchant armour {unknown}
 j - a scroll of vulnerability {unknown}
 k - a scroll of immolation {unknown}
Potions
 g - 2 potions of cancellation {unknown}
 h - a potion of brilliance {unknown}
 i - a potion of resistance {unknown}
 l - a potion of heal wounds {unknown}
 m - a potion of haste {unknown}
 o - a potion of magic {unknown}
 q - 2 potions of flight {unknown}


   Skills:
 + Level 5.2 Fighting
 + Level 3.6 Maces & Flails
 + Level 3.5 Dodging


You had 3 spell levels left.
You didn't know any spells.
Your spell library was empty.

Dungeon Overview and Level Annotations

Branches:
Dungeon (3/15)

Altars:
Okawaru


Innate Abilities, Weirdness & Mutations

You are too large for most types of armour.
You have tough skin. (AC +1)


Message History

You kill the ball python!
Trog accepts your kill.
No target in view!
No target in view!
Found a chain mail.
No target in view!
No target in view!
Found a stone staircase leading down.
You see here a +0 chain mail.
d - 6 scrolls labelled EGGUOLONYCK (gained 1)
A jelly comes into view.
The jelly quivers.
The jelly hits you.
You are splashed with acid!
You hit the jelly.
Your hands burn!
The jelly is moderately wounded.
The jelly hits you but does no damage.
You hit the jelly but do no damage.
Your hands burn!
The jelly is moderately wounded.
The jelly closely misses you. The jelly barely misses you.
You hit the jelly but do no damage.
Your hands burn!
The jelly is moderately wounded.
The jelly barely misses you.
You thump the jelly!
Your hands burn!
The jelly is almost dead.
The jelly hits you.
You are splashed with acid!
You are too injured to fight recklessly!
You are too injured to fight recklessly!
You are too injured to fight recklessly!
You are too injured to fight recklessly!
You hit the jelly but do no damage. The acid corrodes you!
Your hands burn!
The jelly is almost dead.
The jelly hits you. The acid corrodes you!
You are splashed with acid!
* * * LOW HITPOINT WARNING * * *
You hit the jelly but do no damage. The acid corrodes you!
Your hands burn!
* * * LOW HITPOINT WARNING * * *
The jelly is almost dead.
The jelly hits you.
* * * LOW HITPOINT WARNING * * *
You are splashed with acid!
You die...

#.... #####
#.... #...#
##.... #...#
#.....
#...###.[>..
#####
##....#.#.##
...# #.##...#.#
#J.# #.##..##.#
##@# #.#...##.#
#..# #...#..#.#
.## #.##
#..###.#.#
.....##.###
#..# #...#
#......#####.##
##..##
####.#.##....#
#...#
#.#.......#
##..# #
#.###.###.#
##...
....#...###.#
#..#.


You could see a jelly.

Vanquished Creatures
  Jessica (D:3)
  2 adders (D:2)
  An ufetubus (D:3)
  2 orcs (D:3)
  7 ball pythons
  2 endoplasms
  6 giant cockroaches (D:1)
  3 goblins
  5 hobgoblins
  4 jackals (D:1)
  A quokka (D:2)
  6 bats (D:1)
  2 frilled lizards
  5 kobolds
  3 rats (D:1)
50 creatures vanquished.

Vanquished Creatures (others)
  4 plants (D:2)
4 creatures vanquished.

Grand Total: 54 creatures vanquished

Notes
Turn   | Place    | Note
-------+----------+-------------------------------------------
     0 | D:1      | Jase the Ogre Berserker began the quest for the Orb.
     0 | D:1      | Reached XP level 1. HP: 24/24 MP: 1/1
    54 | D:1      | Reached XP level 2. HP: 28/32 MP: 2/2
   302 | D:1      | Reached XP level 3. HP: 38/40 MP: 3/3
   577 | D:1      | Found a faded altar of an unknown god.
   613 | D:1      | Reached ** piety under Trog
   848 | D:2      | Reached XP level 4. HP: 32/49 MP: 4/4
  1524 | D:3      | Reached skill level 5 in Fighting
  1546 | D:3      | Found an iron altar of Okawaru.
  1575 | D:3      | Noticed Jessica
  1602 | D:3      | Killed Jessica
  1804 | D:3      | Splashed by a jelly's acid

Illustrated notes

Levels and vault maps discovered:
D:1:      lightli_arrival_statue_moat, layout_rooms,
          shapermc_ecumenical_altar_venn, skrybe_limestone_x
D:2:      layout_rooms, serial_corexii_hall, corexii_hall_statues_i,
          chequers_hall_statues_y, corexii_hall_statues_l,
          corexii_hall_statues_i, corexii_hall_statues_i,
          chequers_hall_statues_corner_a, chequers_big_river
D:3:      layout_rooms, okawaru_metal_pillars_1_2,
          nicolae_wu_jian_immortal_techniques, uniq_jessica

Skill      XL: |  1  2  3  4 |
---------------+-------------+-----
Maces & Flails | 3 |  3.6
Dodging        | 3 |  3.5
Fighting       | 5 |  5.2

Action                   |  1- 3 |  4- 6 || total
-------------------------+-------+-------++-------
Melee: Mace              |   118 |    49 ||   167
       Punch             |     1 |       ||     1
Throw: Stone             |       |     1 ||     1
Invok: Berserk           |     1 |       ||     1
Armor: Animal skin       |    54 |    10 ||    64
Dodge: Dodged            |   101 |    33 ||   134

Table legend: (Time is in decaauts)
 A = Elapsed time spent in this place.
 B = Non-inter-level travel time spent in this place.
 C = Inter-level travel time spent in this place.
 D = Time resting spent in this place.
 E = Time spent auto-exploring this place.
 F = Levels seen in this place.
 G = Mean time per level.
                   A        B        C        D        E       F      G
               +--------+--------+--------+--------+--------+-----+--------+
         Total |   1849 |   1789 |     60 |    259 |   1134 |   3 |  616.3 |
       Dungeon |   1849 |   1789 |     60 |    259 |   1134 |   3 |  616.3 |
               +--------+--------+--------+--------+--------+-----+--------+

Top non-repeatable levels by time:
     D:2: 862 daAuts
     D:1: 688 daAuts
     D:3: 299 daAuts
